 Dungeon Crawl Stone Soup version 0.31-a0-700-gf13585253f (webtiles) character file.

Game seed: 13821301339764078411

1507 qw the Skirmisher (level 8, -3/51 HPs)
             Began as a Gargoyle Hunter on Sept 7, 2023.
             Was an Initiate of Okawaru.
             Shot with a sling bullet by Joseph (11 damage)
             ... on level 7 of the Dungeon.
             The game lasted 00:02:11 (5127 turns).

qw the Skirmisher (Gargoyle Hunter)                 Turns: 5127, Time: 00:02:11

Health: -3/51      AC:  0    Str: 16    XL:     8   Next: 82%
Magic:  8/8        EV: 19    Int:  9    God:    Okawaru [......]
Gold:   142        SH:  0    Dex: 20    Spells: 7/7 levels left

rFire   . . .        Y - melded +3 shortbow
rCold   . . .        (shield currently unavailable)
rNeg    + . .        c - melded +0 robe {rF+}
rPois   inf          (helmet currently unavailable)
rElec   .            e - melded +0 cloak
rCorr   .            (gloves currently unavailable)
SInv    .            g - melded +0 pair of boots
Will    .....        (no amulet)
Stlth   ++           k - melded +6 ring of strength
HPRegen 0.28/turn    (ring currently unavailable)
MPRegen 0.11/turn

%: no passive effects
@: about to teleport, bat-form, flying, very quick
A: fast, flying, no casting, sickness immunity, AC +5, tiny, negative energy
resistance 1, (electricity resistance), torment resistance 1, petrification
resistance
a: Renounce Religion


You were on level 7 of the Dungeon.
You worshipped Okawaru.
Okawaru was noncommittal.
You were a bat.
You visited 2 branches of the dungeon, and saw 8 of its levels.

You collected 1723 gold pieces.
You spent 1581 gold pieces at shops.


Innate Abilities, Weirdness & Mutations

You are a bat.
You are tiny and dextrous.
You move quickly.
You are flying.
Your equipment is almost entirely melded.
You are incapable of wielding weapons or throwing items.
You cannot cast spells.
You are immune to sickness and miasma.
((Your stone body is resilient. (AC +5)))
You are immune to poison.
You resist negative energy. (rN+)
((You are resistant to electric shocks. (rElec)))
You are resistant to unholy torment.
You are immune to petrification.


   Skills:
 - Level 6.2 Fighting
 - Level 9.7 Ranged Weapons
 - Level 2.2 Armour
 + Level 2.1 Dodging
 - Level 1.1 Stealth


You had 7 spell levels left.
You didn't know any spells.
Your spell library was empty.

Inventory:

Hand Weapons
 Y - a +3 shortbow (melded)
Armour
 c - a +0 robe of fire resistance (melded)
 d - a +2 ring mail of cold resistance
 e - a +0 cloak (melded)
 g - a +0 pair of boots (melded)
 l - a +0 ring mail
Jewellery
 i - a +5 ring of evasion
 k - a +6 ring of strength (melded)
 n - an amulet of the acrobat
Wands
 j - a wand of digging (2)
Scrolls
 b - a scroll of identify
 m - 7 scrolls of teleportation
Potions
 a - 2 potions of curing
 f - 4 potions of might
 h - a potion of haste
 o - a potion of degeneration {unknown}

Dungeon Overview and Level Annotations

Branches:
Dungeon (7/15)             Temple (1/1) D:7

Altars:
Ashenzari
Cheibriados
Dithmenos
Elyvilon
Fedhas
Gozag
Hepliaklqana
Kikubaaqudgha
Makhleb
Nemelex Xobeh
Okawaru
Qazlal
Ru
Sif Muna
Trog
Uskayaw
Vehumet
Wu Jian
Xom
Yredelemnul
Zin
The Shining One

Shops:
D:6 *   D:7 :[=

Annotations:
D:5 1 runed translucent door, qw's ghost, amateur GrHs
D:7 Joseph


Message History

The killer bee barely misses you.
You shoot an arrow. The arrow hits the killer bee!
The killer bee is almost dead.
The killer bee stings you but does no damage.
The killer bee closely misses you.
You shoot an arrow. The arrow hits the killer bee!
You kill the killer bee!
Okawaru accepts your kill.
You shoot an arrow. The arrow misses the killer bee.
The killer bee closely misses you. x2
You shoot an arrow.
The arrow closely misses the killer bee.
The killer bee completely misses you. The killer bee stings you.
You shoot an arrow. The arrow hits the killer bee.
The killer bee is severely wounded.
Your surroundings suddenly seem different.
You start resting.
Joseph, a Mercenary comes into view.
He is wielding a +3 spectral quarterstaff and carrying a wand of polymorph.
You shoot an arrow.
Joseph shouts!
The arrow hits Joseph!
Joseph is lightly wounded.
Joseph unwields a +3 spectral quarterstaff.
Joseph wields a +0 sling.
Joseph shoots a sling bullet.
The sling bullet hits you!
5125 ||| READING 8 scrolls of teleportation.
As you read the scroll of teleportation, it crumbles to dust.
You feel strangely unstable.
You shoot an arrow.
The arrow hits Joseph but does no damage.
Joseph is lightly wounded.
Joseph zaps a wand.
You turn into a bat.
Your +3 shortbow melds into your body.
Your +0 cloak melds into your body.
Your +0 pair of boots melds into your body.
Your +0 robe of fire resistance melds into your body.
Your +6 ring of strength melds into your body.
You feel less resistant to fire.
You feel weaker.
Joseph shoots a sling bullet.
The sling bullet hits you!
You die...

############ #.# #......\...# #.#
#..........# #.#########
##..........###########..........
............##..................<
...............@.....>###########
.../##########.#.####.# #....%
....# #.#.# #.# #.#### ....#####
#.#b# #.# ........## ..#.# #..
......>..# ..#.# #.. .........#
...#.# #.#. ....)....# ...#..
[... .........'.. ###
##..######... ##.# .... #... ...


You could see Joseph.

Vanquished Creatures
  2 sky beasts
  An ogre (D:5)
  A centaur (D:7)
  2 bullfrogs (D:7)
  A scorpion (D:7)
  3 wights (D:6)
  5 killer bees (D:7)
  A howler monkey (D:6)
  3 hounds
  A jelly (D:5)
  2 orc priests
  2 sleepcaps
  Natasha (D:4)
  3 iguanas
  An orc wizard (D:5)
  5 gnolls
  3 adders (D:4)
  A white imp (D:7)
  2 ufetubi (D:7)
  2 worms
  3 dart slugs
  8 orcs
  10 ball pythons
  8 endoplasms
  A giant cockroach (D:4)
  13 goblins
  10 hobgoblins
  9 jackals
  7 quokkas
  2 bats
  A frilled lizard (D:3)
  10 kobolds
  7 rats
131 creatures vanquished.

Notes
Turn   | Place    | Note
-------+----------+-------------------------------------------
     0 | D:1      | qw the Gargoyle Hunter began the quest for the Orb.
     0 | D:1      | Reached XP level 1. HP: 12/12 MP: 1/1
     0 | D:1      | 0 ||| qw: Version: 0.3-a-76-g4403597
     0 | D:1      | 0 ||| qw: Game counter: 734
     0 | D:1      | 0 ||| qw: Melee chars always use a shield: true
     0 | D:1      | 0 ||| qw: God list: Okawaru
     0 | D:1      | 0 ||| qw: Allow faded altars: false
     0 | D:1      | 0 ||| qw: Do Orc after clearing Dungeon:15 true
     0 | D:1      | 0 ||| qw: Do second Lair branch before Depths: true
     0 | D:1      | 0 ||| qw: Lair rune preference: random
     0 | D:1      | 0 ||| qw: Goals: Normal
     0 | D:1      | 0 ||| PLANNING D:1-11
    78 | D:1      | Reached XP level 2. HP: 17/17 MP: 2/2
   175 | D:1      | Reached XP level 3. HP: 21/21 MP: 3/3
   238 | D:1      | Reached skill level 5 in Ranged Weapons
   634 | D:1      | 634 ||| READING scroll labelled HAONAOK GEUTSY.
   635 | D:1      | 635 ||| READING scroll labelled JAREAV BOBBAQ.
   639 | D:1      | 639 ||| DROPPING scroll of butterflies.
   770 | D:2      | Reached skill level 3 in Fighting
   775 | D:2      | Found a sacrificial altar of Ru.
   901 | D:2      | Reached XP level 4. HP: 18/28 MP: 4/4
   905 | D:2      | 905 ||| Stepping ~*~*~tactically~*~*~ (outnumbered).
   913 | D:2      | 913 ||| FLEEEEING.
   914 | D:2      | 914 ||| FLEEEEING.
   915 | D:2      | 915 ||| FLEEEEING.
   916 | D:2      | 916 ||| FLEEEEING.
   917 | D:2      | 917 ||| FLEEEEING.
   918 | D:2      | 918 ||| FLEEEEING.
   919 | D:2      | 919 ||| FLEEEEING.
   920 | D:2      | 920 ||| FLEEEEING.
   921 | D:2      | 921 ||| FLEEEEING.
   922 | D:2      | 922 ||| FLEEEEING.
   923 | D:2      | 923 ||| FLEEEEING.
   924 | D:2      | 924 ||| FLEEEEING.
   925 | D:2      | 925 ||| FLEEEEING.
   926 | D:2      | 926 ||| STAIRDANCE
   981 | D:1      | 981 ||| UPGRADING to +0 cloak.
   986 | D:1      | 986 ||| READING scroll labelled NOKOIPELID.
  1294 | D:2      | 1294 ||| UPGRADING to +0 pair of boots.
  1539 | D:3      | Reached skill level 1 in Armour
  1795 | D:3      | 1795 ||| FLEEEEING.
  1796 | D:3      | 1796 ||| FLEEEEING.
  2098 | D:3      | 2098 ||| READING scroll labelled UHOALE LECH.
  2099 | D:3      | 2099 ||| READING scroll labelled XAMENTUKAMN.
  2099 | D:3      | Identified a scroll of acquirement
  2099 | D:3      | 2099 ||| ACQUIRING 1347 gold pieces
  2099 | D:3      | Acquired 1347 gold pieces
  2101 | D:3      | 2101 ||| DRINKING 2 cyan potions.
  2102 | D:3      | 2102 ||| READING 3 scrolls of identify.
  2102 | D:3      | 2102 ||| IDENTIFYING ruby potion
  2103 | D:3      | 2103 ||| READING 2 scrolls of identify.
  2103 | D:3      | 2103 ||| IDENTIFYING purple potion
  2104 | D:3      | 2104 ||| DROPPING potion of attraction.
  2138 | D:4      | Reached XP level 5. HP: 32/32 MP: 5/5
  2171 | D:4      | Reached skill level 6 in Ranged Weapons
  2201 | D:4      | Identified the +8 trident of Shrieking Terror {flame, rF+}
  2528 | D:4      | Noticed Natasha
  2531 | D:4      | Killed Natasha
  2899 | D:4      | 2899 ||| UPGRADING to +0 ring mail.
  2909 | D:4      | 2909 ||| DROPPING +0 leather armour.
  2910 | D:4      | 2910 ||| UPGRADING to +6 ring of strength.
  2911 | D:4      | 2911 ||| DRINKING 2 fuming red potions.
  2912 | D:4      | 2912 ||| READING 2 scrolls of identify.
  2912 | D:4      | 2912 ||| IDENTIFYING bubbling ruby potion
  2913 | D:4      | 2913 ||| DROPPING potion of magic.
  2963 | D:5      | Entered Level 5 of the Dungeon
  2986 | D:5      | Noticed qw's ghost (amateur GrHs)
  2998 | D:5      | Found a runed translucent door.
  3044 | D:5      | Noticed an ogre
  3050 | D:5      | Killed an ogre
  3051 | D:5      | Reached XP level 6. HP: 38/38 MP: 6/6
  3242 | D:5      | 3242 ||| READING scroll of enchant weapon.
  3242 | D:5      | 3242 ||| ENCHANTING +1 shortbow.
  3281 | D:5      | 3281 ||| FLEEEEING.
  3282 | D:5      | 3282 ||| FLEEEEING.
  3283 | D:5      | 3283 ||| FLEEEEING.
  3284 | D:5      | 3284 ||| FLEEEEING.
  3295 | D:5      | 3295 ||| FLEEEEING.
  3296 | D:5      | 3296 ||| FLEEEEING.
  3297 | D:5      | 3297 ||| FLEEEEING.
  3298 | D:5      | 3298 ||| FLEEEEING.
  3299 | D:5      | 3299 ||| FLEEEEING.
  3300 | D:5      | 3300 ||| FLEEEEING.
  3301 | D:5      | 3301 ||| FLEEEEING.
  3302 | D:5      | 3302 ||| FLEEEEING.
  3303 | D:5      | 3303 ||| FLEEEEING.
  3306 | D:5      | 3306 ||| FLEEEEING.
  3307 | D:5      | 3307 ||| FLEEEEING.
  3362 | D:5      | 3362 ||| RETREATING.
  3375 | D:5      | Reached skill level 7 in Ranged Weapons
  3508 | D:5      | Found a blossoming altar of Fedhas.
  3533 | D:5      | Reached XP level 7. HP: 43/43 MP: 7/7
  3784 | D:5      | 3784 ||| READING scroll labelled XAESHOS QIOH.
  3785 | D:5      | 3785 ||| READING 4 scrolls of identify.
  3785 | D:5      | 3785 ||| IDENTIFYING coppery potion
  3786 | D:5      | 3786 ||| READING 3 scrolls of identify.
  3786 | D:5      | 3786 ||| IDENTIFYING green potion
  3787 | D:5      | 3787 ||| READING 2 scrolls of identify.
  3787 | D:5      | 3787 ||| IDENTIFYING clear potion
  3788 | D:5      | 3788 ||| DROPPING potion of invisibility.
  3790 | D:5      | 3790 ||| DROPPING potion of brilliance.
  3791 | D:5      | 3791 ||| DROPPING potion of lignification.
  3948 | D:6      | Reached skill level 8 in Ranged Weapons
  3992 | D:6      | Found a basalt altar of Yredelemnul.
  4009 | D:6      | 4009 ||| READING scroll of enchant weapon.
  4009 | D:6      | 4009 ||| ENCHANTING +2 shortbow.
  4166 | D:6      | Found Basas's Assorted Antiques.
  4175 | D:6      | 4175 ||| BUYING crooked gold wand (116 gold).
  4175 | D:6      | Bought a crooked gold wand for 116 gold pieces
  4175 | D:6      | 4175 ||| BUYING potion of might (116 gold).
  4175 | D:6      | Bought a potion of might for 116 gold pieces
  4175 | D:6      | 4175 ||| BUYING scroll of teleportation (87 gold).
  4175 | D:6      | Bought a scroll of teleportation for 87 gold pieces
  4175 | D:6      | 4175 ||| BUYING sedimented white potion (26 gold).
  4175 | D:6      | Bought a sedimented white potion for 26 gold pieces
  4175 | D:6      | 4175 ||| BUYING short gold wand (116 gold).
  4175 | D:6      | Bought a short gold wand for 116 gold pieces
  4234 | D:6      | 4234 ||| READING scroll labelled ONOT TOGIPU.
  4235 | D:6      | 4235 ||| READING scroll labelled GOCSOE VORE.
  4236 | D:6      | 4236 ||| READING scroll labelled EJEITE ZOIW.
  4237 | D:6      | 4237 ||| READING 2 scrolls of identify.
  4237 | D:6      | 4237 ||| IDENTIFYING murky red potion
  4238 | D:6      | 4238 ||| DROPPING potion of berserk rage.
  4239 | D:6      | 4239 ||| DROPPING wand of roots (6).
  4260 | D:7      | 4260 ||| STAIRDANCE
  4351 | D:6      | 4351 ||| UPGRADING to +0 robe of fire resistance.
  4364 | D:7      | 4364 ||| STAIRDANCE
  4453 | D:7      | 4453 ||| STAIRDANCE
  4497 | D:7      | Reached XP level 8. HP: 49/50 MP: 8/8
  4632 | D:7      | Found Xuzi Nel's Book Boutique.
  4699 | D:7      | 4699 ||| FLEEEEING.
  4713 | D:7      | 4713 ||| FLEEEEING.
  4714 | D:7      | 4714 ||| FLEEEEING.
  4726 | D:7      | Reached skill level 9 in Ranged Weapons
  4825 | D:7      | Found Haijebb's Antique Armour Emporium.
  4828 | D:7      | Found a staircase to the Ecumenical Temple.
  4829 | D:7      | 4829 ||| PLANNING TEMPLE
  4843 | D:7      | Reached skill level 6 in Fighting
  4851 | D:7      | 4851 ||| FLEEEEING.
  4955 | D:7      | 4955 ||| DROPPING ring of flight.
  4973 | Temple   | Entered the Ecumenical Temple
  4974 | Temple   | 4974 ||| PLANNING OKAWARU WORSHIP
  4992 | Temple   | Became a worshipper of Warmaster Okawaru
  4993 | Temple   | 4993 ||| PLANNING D:1-11
  5016 | D:7      | Found Daamnib's Jewellery Boutique.
  5024 | D:7      | 5024 ||| BUYING runed ring mail (196 gold).
  5024 | D:7      | Bought a runed ring mail for 196 gold pieces
  5035 | D:7      | 5035 ||| BUYING +5 ring of evasion (504 gold).
  5035 | D:7      | Bought a +5 ring of evasion for 504 gold pieces
  5035 | D:7      | 5035 ||| BUYING amulet of the acrobat (420 gold).
  5035 | D:7      | Bought an amulet of the acrobat for 420 gold pieces
  5035 | D:7      | 5035 ||| SHOPLISTING ring of see invisible (210 gold, have
                  | 113).
  5035 | D:7      | 5035 ||| SHOPLISTING ring of willpower (350 gold, have
                  | 113).
  5068 | D:7      | 5068 ||| RETREATING.
  5088 | D:7      | HP: 8/51 [killer bee (5)]
  5089 | D:7      | 5089 ||| READING 9 scrolls of teleportation.
  5093 | D:7      | HP: 8/51 [killer bee (1)]
  5123 | D:7      | Noticed Joseph
  5124 | D:7      | HP: 7/51 [Joseph/sling bullet (10)]
  5125 | D:7      | 5125 ||| READING 8 scrolls of teleportation.
  5127 | D:7      | Shot with a sling bullet by Joseph

Levels and vault maps discovered:
D:1:      eino_arrival_cavern_b, layout_basic
D:2:      layout_loops_ring, basic_altar
D:3:      layout_basic, grunt_ministairs_1, dreamdust_mushroom_princess
D:4:      layout_gridville, serial_rivers, chequers_serial_rivers_micro_e,
          chequers_serial_rivers_large_b, chequers_serial_rivers_marsh,
          chequers_serial_rivers_room_b, hangedman_decor_points, uniq_natasha
D:5:      layout_gridville, overflow_temple_1_default,
          hellmonk_ghost_happy_afterlife, serial_park_tiny_1
D:6:      layout_rooms, nicolae_overflow_crystal_walls, serial_shops, shop,
          hangedman_decor_lopped
D:7:      layout_basic, minmay_temple_entry_butterflies, serial_shops, shop,
          nicolae_book_shop_shelving, shop, uniq_joseph
Temple:   nicolae_temple_slightly_damp_pantheon

Skill      XL: |  1  2  3  4  5  6  7  8 |
---------------+-------------------------+-----
Ranged Weapons | 5 6 7 8 9 |  9.7
Fighting       | 3 4 5 6 |  6.2
Armour         | 1 2 |  2.2
Dodging        | 2 |  2.1
Stealth        | |  1.1

Action                     |  1- 3 |  4- 6 |  7- 9 || total
---------------------------+-------+-------+-------++-------
   Fire: Shortbow          |   112 |   164 |   177 ||   453
    Use: Scroll            |     2 |     7 |    11 ||    20
         Potion            |       |     2 |       ||     2
 Armour: Leather armour    |    15 |    16 |       ||    31
         Ring mail         |       |    20 |    19 ||    39
         Robe              |       |       |    76 ||    76
         Skin              |       |       |     1 ||     1
  Dodge: Dodged            |    10 |    32 |    62 ||   104

Table legend:
 A = Non-vault XP
 B = Vault XP
 C = Vault XP percentage of total XP
 D = Non-vault monster count
 E = Vault monster count
 F = Vault count percentage of total count
                 A         B        C        D         E       F
            +---------+---------+-------+---------+---------+-------
      Total |    2113 |      40 |   1.9 |     128 |       3 |   2.3
            +---------+---------+-------+---------+---------+-------
        D:1 |      56 |       0 |   0.0 |      31 |       0 |   0.0
        D:2 |      66 |       0 |   0.0 |      25 |       0 |   0.0
        D:3 |      37 |       4 |   9.8 |      18 |       2 |  10.0
        D:4 |     107 |      36 |  25.2 |      14 |       1 |   6.7
        D:5 |     404 |       0 |   0.0 |      15 |       0 |   0.0
        D:6 |     435 |       0 |   0.0 |       6 |       0 |   0.0
        D:7 |    1008 |       0 |   0.0 |      19 |       0 |   0.0
            +---------+---------+-------+---------+---------+-------
